 Dungeon Crawl Stone Soup version 0.28-a0-674-gdaf460b524 (webtiles) character file.

Game seed: 2969241188510735233

155 voltaire321 the Charlatan (level 5, -12/40 HPs)
             Began as a Demonspawn Artificer on Oct 18, 2021.
             Killed by nerve-wracking pain
             ... invoked by an orc priest
              (14 damage)
             ... on level 3 of the Dungeon.
             The game lasted 00:08:55 (3980 turns).

voltaire321 the Charlatan (Demonspawn Artificer)    Turns: 3980, Time: 00:08:56

Health: -12/40     AC:  6    Str: 12    XL:     5   Next: 14%
Magic:  5/5        EV: 12    Int: 12    God:
Gold:   44         SH:  0    Dex: 15    Spells: 4/4 levels left

rFire   . . .      SeeInvis .   r - +2 dagger (venom)
rCold   + . .      Faith    .   (no shield)
rNeg    . . .      Spirit   .   b - +0 leather armour
rPois   .          Reflect  .   f - +0 helmet
rElec   .          Harm     .   (no cloak)
rCorr   .          Rampage  .   (no gloves)
Will    .....                   (no boots)
Stlth   +.........              (no amulet)
HPRegen 0.13/turn               j - ring of protection from cold
MPRegen 0.18/turn               (no ring)

@: no status effects
A: thin metallic scales 1, demonic guardian 1, magic regeneration
a: no special abilities


You were on level 3 of the Dungeon.
You visited 1 branch of the dungeon, and saw 3 of its levels.

You collected 44 gold pieces.

Inventory:

Hand Weapons
 r - a +2 dagger of venom (weapon)
Armour
 b - a +0 leather armour (worn)
 f - a +0 helmet (worn)
Jewellery
 a - an amulet of faith
 j - a ring of protection from cold (left hand)
Wands
 c - a wand of flame (6) (quivered)
 d - a wand of charming (15)
Scrolls
 i - 4 scrolls of enchant armour {unknown}
 k - 4 scrolls of identify {unknown}
 n - a scroll of blinking {unknown}
 o - a scroll of fear {unknown}
 p - a scroll of holy word {unknown}
 q - 3 scrolls of immolation {unknown}
Potions
 g - a potion of curing {unknown}
 h - a potion of attraction {unknown}
 l - a potion of lignification {unknown}
Miscellaneous
 e - a piece from Xom's chessboard (15/15)


   Skills:
 + Level 2.8 Fighting
 + Level 3.0 Armour
 + Level 2.4 Dodging
 - Level 0.8 Stealth
 + Level 3.4 Evocations


You had 4 spell levels left.
You didn't know any spells.
Your spell library contained the following spells:

 Spells                   Type           Power      Damage    Failure   Level
 Beastly Appendage        Tmut           0%         N/A       38%         1
 Wereblood                Tmut           0%         N/A       54%         2
 Spider Form              Tmut/Pois      0%         N/A       77%         3


Dungeon Overview and Level Annotations

Branches:
Dungeon (3/15)

Altars:
Kikubaaqudgha

Shops:
D:1 =

Annotations:
D:3 2 transporters


Innate Abilities, Weirdness & Mutations

You are partially covered in thin metallic scales. (AC +2)
A weak demonic guardian rushes to your aid.
You regenerate magic rapidly.


Message History

Aiming: Throw Flame
Press: ? - help, Shift-Dir - straight line, f - orc
Aim: an orc, wielding a +0 short sword (71% to hit)
The puff of flame hits the orc.
The orc is heavily wounded.
You hit the orc but do no damage.
The orc is poisoned.
The orc is heavily wounded.
You hit the orc.
You kill the orc!
Your Armour skill increases to level 3!
Aiming: Throw Flame
Press: ? - help, Shift-Dir - straight line, f - orc priest
Aim: an orc priest, wielding a +1 dagger of flaming (71% to hit)
The puff of flame hits the orc priest.
The orc priest is lightly wounded.
The orc hits you but does no damage.
Aiming: Throw Flame
Press: ? - help, Shift-Dir - straight line, f/p - orc priest
Aim: an orc priest, wielding a +1 dagger of flaming (lightly wounded, 71% to hit)
The puff of flame hits the orc priest.
The orc priest is heavily wounded.
The orc priest closely misses you. The orc hits you with a +0 hand axe.
* * * LOW HITPOINT WARNING * * *
You closely miss the orc priest.
The orc priest is heavily wounded.
The orc priest completely misses you. The orc barely misses you.
You closely miss the orc priest.
The orc priest is heavily wounded.
The orc priest mumbles some strange prayers to Beogh against you.
Pain shoots through your body!
* * * LOW HITPOINT WARNING * * *
A demonic guardian appears!
The orc barely misses you.
Aiming: Throw Flame
Press: ? - help, Shift-Dir - straight line, f/p - orc priest
Aim: an orc priest, wielding a +1 dagger of flaming (heavily wounded, ally target, 71% to hit)
The puff of flame hits the orc priest!
The orc priest is almost dead.
The orc priest invokes the aid of Beogh against you.
Pain shoots through your body!
You die...

.........#
#.#S...S#.....
......o#o#
#.###+###..###
######.#)##
#.#P.$.P#).# #.#.g#
#.#8.©.8#..# #.##.#
#.#######..# #.
#.###....©.....### #.
#..#####....<.....
###+###o# ##...######
#.....@o# #.###
#.......# #.#
#...5...## #.#
#........# #.#
#......#.## #.#######
#......#..# #.......#
#......##.## #.......#
#......##..# #.......#
##########.###.......#


You could see an orc priest (ally target), an orc and a friendly ufetubus
(summoned).

Vanquished Creatures
  A gnoll (D:1)
  3 adders
  2 worms (D:2)
  An orc (D:3)
  8 ball pythons
  5 bats (D:1)
  3 endoplasms
  15 giant cockroaches
  7 goblins
  2 hobgoblins (D:3)
  7 jackals (D:1)
  A quokka (D:1)
  5 frilled lizards (D:1)
  7 kobolds
  5 rats
72 creatures vanquished.

Vanquished Creatures (collateral kills)
  A hound (D:2)
  An orc (D:3)
2 creatures vanquished.

Grand Total: 74 creatures vanquished

Notes
Turn   | Place    | Note
-------+----------+-------------------------------------------
     0 | D:1      | voltaire321 the Demonspawn Artificer began the quest for
                  | the Orb.
     0 | D:1      | Reached XP level 1. HP: 15/15 MP: 1/1
    48 | D:1      | Reached skill level 1 in Dodging
    48 | D:1      | Gained mutation: You regenerate magic rapidly. [demonic
                  | ancestry]
    48 | D:1      | Reached XP level 2. HP: 21/21 MP: 2/2
   817 | D:1      | Reached XP level 3. HP: 26/27 MP: 3/3
  1081 | D:1      | Found Ynniun's Jewellery Boutique.
  2624 | D:2      | Gained mutation: A weak demonic guardian rushes to your
                  | aid. [demonic ancestry]
  2624 | D:2      | Reached XP level 4. HP: 33/33 MP: 4/4
  2939 | D:2      | Found an ancient bone altar of Kikubaaqudgha.
  3269 | D:2      | Found a faded altar of an unknown god.
  3720 | D:3      | Found a transporter.
  3783 | D:3      | Gained mutation: You are partially covered in thin metallic
                  | scales. (AC +2) [demonic ancestry]
  3783 | D:3      | Reached XP level 5. HP: 38/39 MP: 5/5
  3805 | D:3      | Found a transporter.
  3979 | D:3      | HP: 2/40 [orc priest/nerve-wracking pain (8)]
  3980 | D:3      | Killed from afar by an orc priest

Illustrated notes

Levels and vault maps discovered:
D:1:      dpeg_arrival_signposts, layout_loops_corners, serial_shops, shop
D:2:      minmay_roachtagon, layout_loops_ring,
          shapermc_ecumenical_altar_mp_vishouse, basic_altar,
          minmay_tromino_v4_c
D:3:      gammafunk_steamed_eel, layout_basic, mainiacjoe_overflow_alcove_4,
          eat_drink_and_be_merry_uskayaw, grunt_decor_resistance

Skill      XL: |  1  2  3  4  5 |
---------------+----------------+-----
Armour         | 2 3 |  3.0
Dodging        | 1 2 |  2.4
Fighting       | 2 |  2.8
Stealth        | |  0.8
Evocations     | |  3.4

Action                   |  1- 3 |  4- 6 || total
-------------------------+-------+-------++-------
Melee: Club              |   123 |       ||   123
       Flail             |    24 |    85 ||   109
       Dagger            |       |    26 ||    26
Evoke: Wand              |     5 |     4 ||     9
 Stab: Sleeping          |     3 |     2 ||     5
Armor: Leather armour    |    63 |    31 ||    94
Dodge: Dodged            |   117 |   103 ||   220

Table legend: (Time is in decaauts)
 A = Elapsed time spent in this place.
 B = Non-inter-level travel time spent in this place.
 C = Inter-level travel time spent in this place.
 D = Time resting spent in this place.
 E = Time spent auto-exploring this place.
 F = Levels seen in this place.
 G = Mean time per level.
                   A        B        C        D        E       F      G
               +--------+--------+--------+--------+--------+-----+--------+
         Total |   4061 |   3914 |    147 |   1400 |   1693 |   3 | 1353.7 |
       Dungeon |   4061 |   3914 |    147 |   1400 |   1693 |   3 | 1353.7 |
               +--------+--------+--------+--------+--------+-----+--------+

Top non-repeatable levels by time:
     D:1: 2168 daAuts
     D:2: 1632 daAuts
     D:3: 259 daAuts
